 Dungeon Crawl Stone Soup version 0.25-a0-635-g0c6c292 (webtiles) character file.

Game seed: 10196326689769862730, levelgen mode: deterministic

1299 relicbr the Thaumaturge (level 8, -6/41 HPs)
             Began as a Tengu Air Elementalist on Mar 20, 2020.
             Was an Initiate of Vehumet.
             Mangled by Edmund
             ... wielding a +2 flail of distortion
              (14 damage)
             ... on level 5 of the Dungeon.
             The game lasted 00:16:52 (5161 turns).

relicbr the Thaumaturge (Tengu Air Elementalist)    Turns: 5161, Time: 00:16:52

Health: -6/41      AC:  4    Str: 10    XL:     8   Next: 57%
Magic:  0/21       EV: 12    Int: 17    God:    Vehumet [......]
Gold:   197        SH:  0    Dex: 14    Spells: 13/23 levels left

rFire    . . .     SeeInvis .   r - +0 whip (freeze)
rCold    . . .     Gourm    +   (no shield)
rNeg     . . .     Faith    .   k - +1 leather armour
rPois    .         Spirit   .   (helmet restricted)
rElec    .         Reflect  .   (no cloak)
rCorr    .         Harm     .   (no gloves)
MR       .....                  (boots unavailable)
Stlth    ++........             g - amulet of the gourmand
HPRegen  0.13/turn              (no ring)
MPRegen  0.17/turn              (no ring)

@: no status effects
A: beak, talons 3, able to fly
a: Fly, Renounce Religion


You were on level 5 of the Dungeon.
You worshipped Vehumet.
Vehumet was noncommittal.
You were very full.

You visited 2 branches of the dungeon, and saw 6 of its levels.

You collected 197 gold pieces.

Inventory:

Hand Weapons
 r - a +0 whip of freezing (weapon)
Armour
 k - a +1 leather armour (worn)
Jewellery
 g - an amulet of the gourmand (around neck)
Scrolls
 d - 2 scrolls of teleportation
 e - 3 scrolls of remove curse
 j - 2 scrolls of enchant weapon
 m - a scroll of immolation {unknown}
 n - a scroll of blinking
 o - 2 scrolls of magic mapping
 p - a scroll of fear
Potions
 a - a potion of invisibility
 f - 2 potions of heal wounds
 h - a potion of curing
 i - 4 potions of stabbing
 l - a potion of flight {unknown}
 q - a potion of haste {unknown}
 s - a potion of mutation {unknown}
Comestibles
 c - 8 rations


   Skills:
 - Level 2.1 Dodging
 - Level 2.0 Stealth
 - Level 8.1 Spellcasting
 * Level 1.7 Conjurations
 - Level 8.0 Air Magic


You had 13 spell levels left.
You knew the following spells:

 Your Spells              Type           Power        Failure   Level  Hunger
a - Shock                 Conj/Air       ###.         1%          1    None
b - Swiftness             Chrm/Air       ###.....     4%          2    None
c - Airstrike             Air            ####......   5%          4    ###....
d - Mephitic Cloud        Conj/Pois/Air  ###.....     11%         3    #......

Your spell library contained the following spells:

 Spells                   Type           Power        Failure   Level  Hunger
 Static Discharge         Conj/Air       ###.....     5%          3    #......
 Magic Dart               Conj           ##..         7%          1    None
 Blink                    Tloc           N/A          22%         2    None
 Call Imp                 Summ           #.......     22%         2    None
 Slow                     Hex            #.......     22%         2    None
 Conjure Flame            Conj/Fire      #.......     28%         3    #......
 Lightning Bolt           Conj/Air       ###.......   45%         5    #####..


Dungeon Overview and Level Annotations

Branches:
Dungeon (5/15)             Temple (1/1) D:5

Altars:
Cheibriados
Kikubaaqudgha
Okawaru
Qazlal
Sif Muna
Vehumet
Xom
Yredelemnul
Zin

Shops:
D:5 (

Annotations:
D:5 3 runed translucent doors, Edmund


Innate Abilities, Weirdness & Mutations

You have a beak for a mouth.
You have claws for feet.
You can fly continuously.


Message History

Edmund is almost dead.
Casting: Shock (safe; 1% risk of failure)
Confirm with . or Enter, or press ? or * to list all spells.
Aiming: Shock (safe; 1% risk of failure)
Press: ? - help, Shift-Dir - straight line, f/p - Edmund
Aim: Edmund, wielding a +2 flail of distortion and wearing a +0 scale mail (almost dead)
The zap hits Edmund.
Edmund is almost dead.
Edmund hits you with a +2 flail of distortion.
You hit Edmund but do no damage. You peck Edmund, but do no damage.
Edmund is almost dead.
Edmund hits you with a +2 flail of distortion.
Space warps horribly around you!!
Ouch! That really hurt!
You barely miss Edmund. You claw Edmund, but do no damage.
Edmund is almost dead.
Edmund hits you with a +2 flail of distortion.
* * * LOW HITPOINT WARNING * * *
Space warps horribly around you!
You die...

...............########
#.......####.#.# #....#
#.......####.#####.##.#
#..........#..........#
#........#.#######.####
.........#.#######.#
.........#.........#
.#######.##############..
.## #........@@.......
..# ##################
#.# #.# ..# ###


You could see Edmund.

Vanquished Creatures
  Pikel (D:4)
  Sigmund (D:5)
  A sky beast (D:5)
  An ogre (D:5)
  3 howler monkeys (D:4)
  A hound (D:4)
  An orc priest (D:3)
  A bullfrog skeleton (D:4)
  3 worker ants
  An orc wizard (D:3)
  A hound skeleton (D:4)
  A worker ant zombie (D:5)
  A gnoll (D:1)
  3 adders
  A shadow imp (D:5)
  An ooze (D:3)
  2 worms
  3 dart slugs
  3 leopard geckos
  7 orcs
  A ball python (D:2)
  11 bats
  3 giant cockroaches
  11 goblins
  8 hobgoblins
  9 jackals
  12 kobolds
  4 quokkas
  7 frilled lizards
  A quokka zombie (D:5)
  10 rats
114 creatures vanquished.

Vanquished Creatures (others)
  2 slaves (D:5)
  A scorpion (D:5)
  A hound (D:5)
  An iguana (D:5)
  A worm (D:5)
  An orc (D:5)
7 creatures vanquished.

Grand Total: 121 creatures vanquished

Notes
Turn   | Place    | Note
-------+----------+-------------------------------------------
     0 | D:1      | relicbr the Tengu Air Elementalist began the quest for the
                  | Orb.
     0 | D:1      | Reached XP level 1. HP: 10/10 MP: 4/4
   117 | D:1      | Reached XP level 2. HP: 15/15 MP: 0/6
   271 | D:1      | Reached skill level 5 in Air Magic
   467 | D:1      | Learned a level 2 spell: Swiftness
   573 | D:1      | Reached XP level 3. HP: 19/19 MP: 7/7
  1553 | D:2      | Reached XP level 4. HP: 24/24 MP: 8/8
  2289 | D:3      | Learned a level 4 spell: Airstrike
  2310 | D:3      | Gained mutation: You can fly continuously. [Tengu growth]
  2310 | D:3      | Reached XP level 5. HP: 21/28 MP: 0/9
  3190 | D:4      | Reached XP level 6. HP: 32/32 MP: 2/11
  3651 | D:4      | Reached XP level 7. HP: 36/36 MP: 7/14
  3689 | D:4      | Found an iron altar of Okawaru.
  4129 | D:5      | Entered Level 5 of the Dungeon
  4129 | D:5      | Found Zulil's Weapon Shop.
  4129 | D:5      | Noticed Pikel
  4137 | D:4      | Killed Pikel
  4137 | D:4      | Reached XP level 8. HP: 36/41 MP: 0/19
  4411 | D:5      | Found a basalt altar of Yredelemnul.
  4440 | D:5      | Found a runed translucent gate.
  4441 | D:5      | Found a runed translucent gate.
  4442 | D:5      | Found a runed translucent gate.
  4443 | D:5      | Noticed Sigmund
  4446 | D:5      | Killed Sigmund
  4789 | D:5      | Learned a level 3 spell: Mephitic Cloud
  4922 | D:5      | Found a staircase to the Ecumenical Temple.
  4958 | Temple   | Entered the Ecumenical Temple
  4994 | Temple   | Became a worshipper of Vehumet
  5151 | D:5      | Noticed Edmund
  5161 | D:5      | Mangled by Edmund

Levels and vault maps discovered:
D:1:      dpeg_arrival_connections, layout_basic
D:2:      layout_basic, nrook_mini_vaults, kennysheep_generic_room_3
D:3:      layout_loops_ring
D:4:      layout_rooms, okawaru_altar_gauntlet_db
D:5:      layout_basic, yredelemnul_altar_generic, minmay_temple_entry_trees,
          gammafunk_ghost_icy, serial_shops, shop, first_ration, uniq_sigmund,
          uniq_edmund, uniq_pikel
Temple:   jpeg_temple_island

Skill      XL: |  1  2  3  4  5  6  7  8 |
---------------+-------------------------+-----
Air Magic      | 5 6 7 8 |  8.0
Spellcasting   | 4 6 8 |  8.1
Dodging        | |  2.1
Stealth        | |  2.0
Conjurations   | |  1.7

Action                   |  1- 3 |  4- 6 |  7- 9 || total
-------------------------+-------+-------+-------++-------
Melee: Short sword       |    34 |    72 |       ||   106
       Peck              |     6 |     7 |     4 ||    17
       Kick              |     6 |    18 |     5 ||    29
       Whip              |       |       |    30 ||    30
 Cast: Shock             |    63 |    83 |    14 ||   160
       Airstrike         |       |     2 |    24 ||    26
       Swiftness         |       |     1 |       ||     1
  Use: Scroll            |     7 |     7 |       ||    14
       Potion            |       |     1 |       ||     1
  Eat: Chunk             |     3 |    16 |     8 ||    27
Armor: Robe              |     4 |       |       ||     4
       Leather armour    |    10 |    41 |     7 ||    58
Dodge: Dodged            |    48 |    80 |    25 ||   153

Table legend:
 A = Non-vault XP
 B = Vault XP
 C = Vault XP percentage of total XP
 D = Non-vault monster count
 E = Vault monster count
 F = Vault count percentage of total count
                 A         B        C        D         E       F
            +---------+---------+-------+---------+---------+-------
      Total |     971 |     886 |  47.7 |     107 |       8 |   7.0
            +---------+---------+-------+---------+---------+-------
        D:1 |      73 |       0 |   0.0 |      33 |       0 |   0.0
        D:2 |      44 |       0 |   0.0 |      22 |       0 |   0.0
        D:3 |     150 |       0 |   0.0 |      26 |       0 |   0.0
        D:4 |     372 |     674 |  64.4 |      14 |       7 |  33.3
        D:5 |     332 |     212 |  39.0 |      12 |       1 |   7.7
            +---------+---------+-------+---------+---------+-------
